Map: 2000 Atmospheres LE

Players

Synystyr - Winner!

  • Race: Terran Terran
  • League: Diamond

LostCause

  • Race: Zerg Zerg
  • League: Diamond

VOD

Have the link to the VOD?

Description

Time

  • Played on: Aug. 11, 2021, 11:29 p.m.
  • Length: 10:17
Show
View Real Time Build Order
Export as new Build Order

Synystyr Terran - Winner!

Build Orders: 1/1/1, Mech 

Get SALT Encoding   

  12  0:00  SCV  
  13  0:12  SCV  
  14  0:17  Supply Depot  
  14  0:24  SCV  
  15  0:38  SCV  
  15  0:40  Barracks  
  16  0:45  Refinery  
  16  0:49  Refinery  
  16  0:53  SCV  
  17  1:05  SCV  
  18  1:18  SCV  
  19  1:27  Marine  
  19  1:30  Factory  
  20  1:33  Orbital Command  
  20  1:42  Supply Depot  
  20  1:59  SCV  
  21  2:13  SCV  
  21  2:15  Starport  
  22  2:18  Starport  
  22  2:20  Factory Tech Lab  
  22  2:25  SCV  
  22  2:29  Supply Depot  
  23  2:37  SCV  
  24  2:49  SCV  
  25  2:54  Starport Tech Lab  
  25  2:58  Banshee  
  25  3:01  SCV  
  29  3:12  Banshee  
  29  3:13  SCV  
  33  3:27  Command Center  
  33  3:29  SCV  
  34  3:41  Banshee  
  34  3:42  Supply Depot  
  34  3:44  SCV  
  38  3:56  SCV  
  39  4:03  Banshee  
  39  4:05  Armory  
  39  4:08  SCV  
  43  4:20  SCV  
  44  4:27  Supply Depot  
  44  4:35  Factory Tech Lab  
  44  4:37  SCV  
  45  4:41  Refinery  
  45  4:42  Refinery  
  45  4:49  SCV  
  46  4:52  Terran Vehicle And Ship Armor Level 1  
  46  4:53  Thor  
  46  4:56  Orbital Command  
  52  5:01  SCV  
  53  5:09  Factory  
  54  5:14  SCV  
  54  5:19  Factory  
  54  5:42  Thor  
  54  5:44  SCV  
  54  5:46  SCV  
  62  5:56  SCV  
  63  5:58  SCV  
  63  5:59  Supply Depot  
  63  6:00  Supply Depot, Thor  
  70  6:17  SCV x2  
  66  6:21  Thor  
  69  6:29  SCV x2, Thor  
  77  6:36  Supply Depot  
  77  6:38  Supply Depot  
  77  6:41  SCV  
  77  6:43  SCV  
  79  6:52  Terran Vehicle And Ship Armor Level 2  
  79  6:53  SCV  
  80  6:54  Hellbat  
  80  6:55  Infernal Pre-Igniter  
  80  6:59  SCV  
  83  7:04  Hellbat  
  83  7:05  SCV  
  86  7:11  SCV  
  86  7:13  Thor  
  93  7:15  Supply Depot  
  93  7:17  SCV, Hellbat, Supply Depot  
  96  7:23  SCV  
  96  7:29  SCV  
  98  7:35  SCV  
  98  7:36  Thor  
  105  7:41  Command Center  
  105  7:42  SCV  
  105  7:44  Hellbat  
  108  7:50  Medivac  
  110  7:52  SCV  
  110  7:54  SCV  
  112  8:01  Thor  
  112  8:04  SCV  
  119  8:06  SCV, Supply Depot  
  119  8:08  Supply Depot  
  119  8:10  Hellbat  
  122  8:16  SCV  
  122  8:18  SCV  
  124  8:22  Thor  
  130  8:29  SCV  
  130  8:30  SCV  
  133  8:41  SCV  
  133  8:42  SCV  
  133  8:44  Thor  
  140  8:54  Refinery  
  142  8:55  SCV x2  
  142  9:02  Thor, Refinery  
  142  9:07  SCV x2  
  150  9:21  SCV  
  150  9:22  SCV, Thor  
  158  9:27  Supply Depot  
  156  9:44  SCV x2  
  134  9:51  Hellbat  
  130  10:00  SCV  
Show
View Real Time Build Order
Export as new Build Order

LostCause Zerg 

Build Orders: Pool First 

Get SALT Encoding   

  12  0:00  Drone  
  13  0:13  Overlord  
  13  0:16  Drone  
  14  0:31  Drone  
  14  0:32  Extractor, Drone  
  16  0:35  Drone  
  16  0:47  Spawning Pool  
  15  0:50  Drone  
  16  0:57  Drone  
  17  1:07  Drone  
  18  1:34  Queen  
  18  1:35  Zergling x4  
  18  1:36  Metabolic Boost  
  22  1:46  Hatchery  
  21  1:51  Overlord  
  21  1:54  Zergling x2  
  22  2:10  Queen  
  22  2:12  Zergling x4  
  26  2:22  Overlord  
  26  2:43  Drone x4  
  30  2:47  Drone  
  31  2:58  Drone x2  
  33  3:09  Drone  
  33  3:10  Drone, Queen  
  37  3:13  Drone x3  
  40  3:22  Overlord  
  40  3:23  Drone  
  41  3:32  Drone x2  
  43  3:34  Overlord  
  43  3:39  Drone  
  44  3:42  Lair  
  44  3:47  Hatchery  
  43  3:50  Extractor  
  43  3:55  Spore Crawler  
  40  3:56  Spore Crawler, Drone x4  
  40  3:58  Drone  
  44  4:03  Drone x2  
  44  4:04  Extractor x2  
  44  4:18  Drone x3  
  44  4:19  Drone x3  
  44  4:20  Overlord  
  50  4:25  Zergling x2  
  50  4:26  Zergling x4  
  53  4:32  Overlord  
  53  4:36  Zergling x2  
  54  4:38  Baneling Nest  
  54  4:39  Zergling x2  
  54  4:49  Hydralisk Den  
  54  4:50  Drone  
  54  4:54  Drone x6  
  54  4:55  Drone  
  54  4:57  Drone  
  62  5:00  Drone  
  62  5:03  Drone  
  62  5:05  Overseer  
  62  5:07  Drone  
  65  5:11  Drone  
  66  5:15  Overlord  
  66  5:16  Spore Crawler  
  66  5:20  Hydralisk  
  66  5:21  Hydralisk  
  67  5:24  Hydralisk  
  70  5:34  Hydralisk x3  
  73  5:39  Hydralisk  
  73  5:41  Hydralisk  
  77  5:46  Hydralisk  
  77  5:49  Hydralisk  
  77  5:57  Overlord  
  77  6:00  Hydralisk x2  
  77  6:02  Hydralisk  
  77  6:06  Hydralisk  
  77  6:09  Overlord  
  79  6:15  Hydralisk x2  
  78  6:21  Hydralisk  
  80  6:34  Drone  
  80  6:37  Hatchery  
  80  6:38  Baneling x4  
  80  6:41  Centrifical Hooks  
  80  6:45  Muscular Augments  
  80  6:57  Overlord  
  80  7:00  Hydralisk x3  
  86  7:04  Queen  
  88  7:09  Hydralisk  
  88  7:13  Hydralisk  
  92  7:16  Hydralisk  
  92  7:22  Hydralisk, Overlord  
  96  7:31  Hydralisk, Baneling x4  
  96  7:35  Zergling x2  
  96  7:36  Zergling x4  
  101  7:42  Drone x3  
  104  7:50  Drone x3  
  107  7:56  Overlord  
  107  8:00  Grooved Spines  
  107  8:05  Evolution Chamber  
  106  8:06  Drone x2, Evolution Chamber  
  106  8:09  Extractor  
  106  8:11  Extractor, Overlord  
  105  8:13  Drone x2  
  105  8:14  Drone  
  105  8:15  Drone x3  
  111  8:26  Overlord x2  
  111  8:28  Queen  
  111  8:29  Hydralisk  
  111  8:30  Hydralisk  
  117  8:41  Spire  
  116  8:42  Drone  
  117  8:58  Overlord  
  117  9:04  Spire, Zergling x18  
  117  9:06  Baneling x4  
  125  9:14  Drone  
  126  9:19  Hatchery  
  126  9:20  Overlord  
  126  9:21  Pneumatized Carapace  
  125  9:26  Overlord  
  125  9:28  Hydralisk  
  125  9:29  Hydralisk  
  129  9:35  Hydralisk  
  129  9:36  Hydralisk x2  
  129  9:38  Hydralisk  
  124  9:42  Hydralisk  
  124  9:43  Hydralisk  
  105  9:47  Hydralisk  
  105  9:49  Hydralisk  
  105  9:51  Hydralisk  
Tags
 
Add a new tag
Caveats
  • Supply blocks, unpowered buildings, or Contaminate may cause inaccurate times.
  • Supply counts are checked every 10 seconds.